 Dungeon Crawl Stone Soup version 0.29.0-5-ge4962eb29e (webtiles) character file.

Game seed: 4459694952012032547

29 ImASeal the Insei (level 3, -1/42 HPs)
             Began as a Draconian Transmuter on Aug 27, 2022.
             Slain by a gnoll
             ... wielding a +0 flail
              (3 damage)
             ... on level 2 of the Dungeon.
             The game lasted 00:06:09 (1073 turns).

ImASeal the Insei (Draconian Transmuter)            Turns: 1073, Time: 00:06:12

Health: -1/42      AC: 21    Str: 12    XL:     3   Next: 1%
Magic:  3/6        EV:  2    Int: 13    God:
Gold:   86         SH:  0    Dex: 19    Spells: 3/6 levels left

rFire   . . .      SeeInvis .     - Unarmed
rCold   . . .      Faith    .   (no shield)
rNeg    . . .      Spirit   .   (body armour unavailable)
rPois   +          Reflect  .   (helmet currently unavailable)
rElec   .          Harm     .   (cloak currently unavailable)
rCorr   .          Rampage  .   (gloves currently unavailable)
Will    .....      NoTele   +   (boots currently unavailable)
Stlth   ++........              (no amulet)
HPRegen 0.14/turn               h - +6 ring of dexterity
MPRegen 0.10/turn               (no ring)

@: mighty, tree-form, wereblooded
A: stationary, stasis, torment immunity, boosted hp, AC +5, unfitting armour,
(cold-blooded)
a: no special abilities


You were on level 2 of the Dungeon.
You were a tree.
You visited 1 branch of the dungeon, and saw 2 of its levels.

You collected 86 gold pieces.

Inventory:

Missiles
 k - 8 poisoned darts
Armour
 d - a +0 ring mail
 m - a +0 pair of gloves (melded)
Jewellery
 h - a +6 ring of dexterity (left branch)
 n - a +6 ring of dexterity
Scrolls
 b - 2 scrolls of brand weapon {unknown}
 c - a scroll of noise {unknown}
 f - a scroll of identify {unknown}
 j - a scroll of teleportation {unknown}
 o - a scroll of immolation {unknown}
Potions
 g - a potion of attraction {unknown}
 i - 2 potions of haste {unknown}
 l - a potion of mutation {unknown}


   Skills:
 + Level 1.1 Fighting
 + Level 2.0 Dodging
 + Level 3.4 Unarmed Combat
 + Level 2.4 Spellcasting
 + Level 2.4 Transmutations


You had 3 spell levels left.
You knew the following spells:

 Your Spells              Type           Power      Damage    Failure   Level
a - Beastly Appendage     Tmut           16%        N/A       9%          1
b - Wereblood             Tmut           8%         N/A       13%         2

Your spell library contained the following spells:

 Spells                   Type           Power      Damage    Failure   Level
 Blink                    Tloc           2%         N/A       36%         2
 Spider Form              Tmut/Pois      4%         N/A       41%         3
 Lesser Beckoning         Tloc           1%         N/A       58%         3
 Ice Form                 Ice/Tmut       4%         N/A       82%         4
 Manifold Assault         Tloc           1%         N/A       100%        5


Dungeon Overview and Level Annotations

Branches:
Dungeon (2/15)

Altars:


Innate Abilities, Weirdness & Mutations

You are a tree.
Your roots penetrate the ground, keeping you stationary.
You cannot be teleported.
You are immune to unholy pain and torment.
Your maximum health is greatly increased.
Your equipment is partially melded.
((Your plain brown scales are hard. (AC +5)))
You cannot fit into any form of body armour.
((You are cold-blooded and may be slowed by cold attacks.))


Message History

The gnoll misses you.
You hit the gnoll.
The gnoll is lightly wounded.
The gnoll hits you with a +0 spear. The gnoll closely misses you.
You closely miss the gnoll.
The gnoll is lightly wounded.
The gnoll hits you with a +0 spear.
You hit the gnoll.
The gnoll is heavily wounded.
The gnoll hits you but does no damage. The gnoll hits you with a +0 flail.
You are too injured to fight recklessly!
It was a potion of might.
You feel very mighty all of a sudden. The hobgoblin closely misses you.
The gnoll barely misses you. The gnoll closely misses you.
The gnoll hits you with a +0 flail.
* * * LOW HITPOINT WARNING * * *
You turn into a tree.
Your +0 pair of gloves melds into your body.
Your roots penetrate the ground.
The hobgoblin hits you but does no damage.
The gnoll hits you with a +0 whip.
* * * LOW HITPOINT WARNING * * *
The gnoll hits you with a +0 spear.
* * * LOW HITPOINT WARNING * * *
The gnoll barely misses you.
You completely miss the gnoll.
The gnoll is heavily wounded.
The gnoll hits you but does no damage.
The hobgoblin hits you but does no damage.
The gnoll hits you with a +0 spear.
* * * LOW HITPOINT WARNING * * *
The gnoll hits you but does no damage.
You smack the gnoll!
You feel a bit better.
You kill the gnoll!
The hobgoblin hits you.
* * * LOW HITPOINT WARNING * * *
The gnoll hits you with a +0 whip.
* * * LOW HITPOINT WARNING * * *
The gnoll hits you with a +0 flail.
You die...

+.........#..#....## .#
#........#....#...## #...
#.......#..##..#....
#....#?.....#...##...#.#.
#.:.#.....#......[...##.
#.........##.###..#####.
####......##.#...## ##..
#......##. ... #...
#...♣g.# #... #...
......g)g....#... #...
.............# ##...
............<#.. ##....
.....#.......#... #..###
.....#.......#...##'####
.....#.......#........#.
##.. #....>..'........#.
.###......#.


You could see 2 gnolls and a hobgoblin.

Vanquished Creatures
  A gnoll (D:2)
  An endoplasm (D:2)
  4 giant cockroaches
  A goblin (D:1)
  5 hobgoblins (D:1)
  3 jackals (D:1)
  2 quokkas
  4 ball pythons
  2 bats
  A frilled lizard (D:1)
  A kobold (D:1)
25 creatures vanquished.

Notes
Turn   | Place    | Note
-------+----------+-------------------------------------------
     0 | D:1      | ImASeal the Draconian Transmuter began the quest for the
                  | Orb.
     0 | D:1      | Reached XP level 1. HP: 16/16 MP: 3/3
   211 | D:1      | Reached XP level 2. HP: 15/23 MP: 1/5
   497 | D:1      | Found a faded altar of an unknown god.
   853 | D:1      | Learned a level 2 spell: Wereblood
  1055 | D:2      | Reached XP level 3. HP: 28/28 MP: 3/6
  1073 | D:2      | HP: 2/42 [gnoll/+0 whip (3)]
  1073 | D:2      | Slain by a gnoll

Illustrated notes

Levels and vault maps discovered:
D:1:      lightli_arrival_windingriver, layout_rooms,
          hellmonk_ecumenical_altar_zigzags
D:2:      layout_basic, minivault_26, corexii_hall_statues_x,
          nicolae_shop_vocational

Skill      XL: |  1  2 |
---------------+-------+-----
Dodging        | 2 |  2.0
Fighting       | |  1.1
Unarmed Combat | |  3.4
Spellcasting   | |  2.4
Transmutations | |  2.4

Action                   || total
-------------------------++-------
Melee: Unarmed           ||    62
       Kick              ||     9
       Headbutt          ||     9
       Tailslap          ||     6
       Punch             ||     1
 Cast: Beastly Appendage ||    23
       Wereblood         ||     3
  Use: Potion            ||     2
Armor: Skin              ||    32
Dodge: Dodged            ||    65
